 Dungeon Crawl Stone Soup version 0.30-a0-341-g682706514a (webtiles) character file.

Game seed: 2170024995398075098

51 zishaf the Magician (level 4, 0/33 HPs)
             Began as a Djinni Venom Mage on Nov 2, 2022.
             Slain by an adder (2 damage)
             ... on level 2 of the Dungeon.
             The game lasted 00:02:12 (856 turns).

zishaf the Magician (Djinni Venom Mage)              Turns: 856, Time: 00:02:13

Health: 0/33       AC:  2    Str:  7    XL:     4   Next: 5%
Gold:   92         EV: 12    Int: 19    God:
                   SH:  0    Dex: 13

rFire   + + .      SeeInvis .    a - +0 sling
rCold   x . .      Faith    .    (no shield)
rNeg    . . .      Spirit   .    c - +0 robe
rPois   ∞          Reflect  .    (no helmet)
rElec   .          Harm     .    (no cloak)
rCorr   .          Rampage  .    (no gloves)
Will    .....                    (boots unavailable)
Stlth   ++........               (no amulet)
HPRegen 0.25/turn                (no ring)
MPRegen 0.00/turn                (no ring)

@: flying
A: sickness immunity, fire resistance 2, cold vulnerability 1, float, innate
caster, HP casting, extra vitality 1
a: no special abilities


You were on level 2 of the Dungeon.
You visited 1 branch of the dungeon, and saw 2 of its levels.

You collected 92 gold pieces.

Inventory:

Hand Weapons
 a - a +0 sling (weapon)
 b - a +0 dagger
Armour
 c - a +0 robe (worn)
Scrolls
 d - 2 scrolls of identify
 g - a scroll of enchant weapon {unknown}
 h - a scroll of poison {unknown}
 j - a scroll of teleportation {unknown}
Potions
 e - a potion of haste
 f - a potion of brilliance {unknown}
 i - a potion of cancellation {unknown}


   Skills:
 + Level 2.2 Fighting
 - Level 2.1 Dodging
 - Level 1.5 Stealth
 + Level 3.1 Spellcasting


You couldn't memorise any spells.
You knew the following spells:

 Your Spells              Type           Power      Damage    Failure   Level
a - Sting                 Tmut/Pois      56%        1d5       4%          1
b - Poisonous Vapours     Pois/Air       28%        N/A       6%          2
c - Kiss of Death         Conj/Necr      56%        2d9       4%          1
z - Mephitic Cloud        Conj/Pois/Air  14%        N/A       13%         3
A - Olgreb's Toxic Radia  Pois           14%        N/A       38%         4
Your spell library was empty.

Dungeon Overview and Level Annotations

Branches:
Dungeon (2/15)

Altars:

Annotations:
D:2 Robin


Innate Abilities, Weirdness & Mutations

You are immune to sickness and miasma.
You are immune to poison.
Your flesh is very heat resistant. (rF++)
You are vulnerable to cold. (rC-)
You float through the air rather than walking.
You learn spells naturally, not from books.
Your magical power is your life essence.
You have superior vitality. (+4 MHP)


Message History

Aiming: Mephitic Cloud (quite dangerous; 13% risk of failure)
Press: ? - help, Shift-Dir - straight line, f - goblin
Aim: a goblin, wielding a +0 club (strong, chance to affect: 96%)
The ball explodes into a vile cloud!
The stinking cloud engulfs the goblin but does no damage.
The stinking cloud engulfs you but does no damage.
* * * LOW HITPOINT WARNING * * *
You hear an angry hiss.
The goblin is engulfed in noxious fumes.
The goblin appears confused.
The goblin is engulfed in noxious fumes.
The goblin appears confused.
The goblin misses something.
The goblin is engulfed in noxious fumes.
The goblin appears confused.
The goblin hits something with a +0 club.
You feel a bit more experienced.
The goblin closely misses something.
The goblin hits itself with a +0 club.
The goblin is killed!
The goblin no longer looks unusually strong.
An adder comes into view.
The adder hisses angrily.
The adder attacks as you move away! The adder completely misses you.
The adder barely misses you.
Robin's horned helmet rattles.
Robin throws the goblin at you!
* * * LOW HITPOINT WARNING * * *
The goblin misses you.
You shoot a sling bullet.
The sling bullet closely misses the goblin.
The adder completely misses you. The goblin hits you with a +0 dagger.
* * * LOW HITPOINT WARNING * * *
The adder bites you.
* * * LOW HITPOINT WARNING * * *
The goblin misses you. The goblin closely misses you.
As you read the scroll labelled ETHOTHR PUGH, it crumbles to dust.
It is a scroll of identify.
e - a potion of haste The goblin no longer looks unusually strong.
The adder bites you.
You die...

#.##.# ### #.##.# ...
#.##.##.# #.##....#
#######.##..#######
.................># .
#######.##..#####)# ...
......##Sg#####.###gg...
......g@g.†gg.....gg....
###############.###g....
...g ... ###.## . #.#
#.# #.# #.#


You could see Robin, an adder, a hobgoblin and 3 goblins.

Vanquished Creatures
  2 adders (D:2)
  A worm (D:2)
  3 endoplasms
  2 giant cockroaches
  5 goblins
  2 hobgoblins
  A quokka (D:1)
  3 ball pythons
  5 bats (D:1)
  A frilled lizard (D:1)
  2 kobolds (D:2)
  A rat (D:1)
28 creatures vanquished.

Notes
Turn   | Place    | Note
-------+----------+-------------------------------------------
     0 | D:1      | zishaf the Djinni Venom Mage began the quest for the Orb.
     0 | D:1      | zishaf set off with the following spells memorised: Sting,
                  | Poisonous Vapours, Mephitic Cloud, Olgreb's Toxic Radiance.
     0 | D:1      | Reached XP level 1. HP: 15/15 MP: 0/0
   128 | D:1      | You are sucked into a shaft and drop 1 floor!
   146 | D:2      | Reached skill level 1 in Fighting
   146 | D:2      | Reached XP level 2. HP: 20/22 MP: 0/0
   211 | D:2      | Reached XP level 3. HP: 27/27 MP: 0/0
   211 | D:2      | Learned a level 1 spell: Kiss of Death
   430 | D:1      | Reached skill level 3 in Spellcasting
   837 | D:2      | Noticed Robin
   842 | D:2      | Reached XP level 4. HP: 7/33 MP: 0/0
   856 | D:2      | Slain by an adder

Illustrated notes

Levels and vault maps discovered:
D:1:      lemuel_arrival_hallway, layout_rooms
D:2:      layout_basic, uniq_robin

Skill      XL: |  1  2  3 |
---------------+----------+-----
Fighting       | 1 2 |  2.2
Spellcasting   | 3 |  3.1
Dodging        | |  2.1
Stealth        | |  1.5

Action                   |  1- 3 |  4- 6 || total
-------------------------+-------+-------++-------
Melee: Unarmed           |     1 |       ||     1
 Fire: Sling             |    50 |     1 ||    51
 Cast: Sting             |    44 |       ||    44
       Mephitic Cloud    |       |     1 ||     1
  Use: Scroll            |       |     1 ||     1
Armor: Robe              |    18 |       ||    18
Dodge: Dodged            |    24 |     6 ||    30

Table legend: (Time is in decaauts)
 A = Elapsed time spent in this place.
 B = Non-inter-level travel time spent in this place.
 C = Inter-level travel time spent in this place.
 D = Time resting spent in this place.
 E = Time spent auto-exploring this place.
 F = Levels seen in this place.
 G = Mean time per level.
                   A        B        C        D        E       F      G
               +--------+--------+--------+--------+--------+-----+--------+
         Total |    875 |    870 |      5 |     12 |    620 |   2 |  437.5 |
       Dungeon |    875 |    870 |      5 |     12 |    620 |   2 |  437.5 |
               +--------+--------+--------+--------+--------+-----+--------+

Top non-repeatable levels by time:
     D:1: 554 daAuts
     D:2: 321 daAuts
